 Dungeon Sprint DCSS version 0.17-a0-764-gd40c196 (webtiles) character file.

7600000 namelastname112 the Grand Master (level 27, -13/266 HPs)
             Began as a Demonspawn Monk on Apr 23, 2015.
             Was the Champion of Makhleb.
             Mangled by a large bag of meat
             ... wielding a +9 giant spiked club
              (103 damage)
             ... in the Dungeon (Sprint VIII: "Arena of Blood").
             The game lasted 00:01:40 (76 turns).

namelastname112 the Grand Master (Demonspawn Monk)    Turns: 76, Time: 00:01:40

Health: -13/266    AC:  7    Str: 12    XL:     27
Magic:  34/54      EV: 39    Int: 14    God:    Makhleb [******]
Gold:   0          SH:  0    Dex: 26    Spells: 0 memorised, 80 levels left

rFire  + . .     SeeInvis +     i - +∞ Axe of Woe
rCold  . . .     Clarity  .     a - +0 robe
rNeg   . . .     SustAb   .     (no shield)
rPois  .         Gourm    .     (helmet unavailable)
rElec  .         Spirit   .     (no cloak)
rCorr  .         Warding  .     (no gloves)
rMut   .         NoTele   +     (no boots)
MR     ++...                    (no amulet)
Stlth  ++++++++++               (no ring)
                                j - ring of see invisible

@: very resistant to hostile enchantments, uncannily stealthy
A: horns 3, rugged brown scales 3, fire resistance 1, hurl hellfire,
nightstalker 3, spiny 3, flame cloud immunity
a: Hellfire, Minor Destruction, Lesser Servant of Makhleb, Major Destruction,
Greater Servant of Makhleb, Renounce Religion


You were in the Dungeon.
You worshipped Makhleb.
Makhleb was exalted by your worship.
You were not hungry.

You visited 1 branch

Inventory:

Hand weapons
 i - the +∞ Axe of Woe (weapon)
   (You found it in the Dungeon)
Armour
 a - a +0 robe (worn)
Jewellery
 j - a ring of see invisible (left hand)
Scrolls
 h - a scroll of blinking
Potions
 c - a potion of curing
 d - a potion of heal wounds
 e - a potion of haste
 f - 2 potions of magic
 g - a potion of berserk rage
Comestibles
 b - a bread ration


   Skills:
 O Level 27 Fighting
 O Level 27 Axes
 O Level 27 Throwing
 O Level 27 Armour
 O Level 27 Dodging
 O Level 27 Stealth
 O Level 27 Unarmed Combat
 O Level 27 Spellcasting
 O Level 27 Invocations


You had 80 spell levels left.
You didn't know any spells.

Dungeon Overview and Level Annotations

Branches:
Dungeon (1/1)

Altars:
Makhleb


Innate Abilities, Weirdness & Mutations

You have a pair of large horns on your head.
You are completely covered in rugged brown scales (AC +3, +7% HP).
Your flesh is heat resistant.
You can hurl blasts of hellfire.
You are completely attuned to the shadows.
You are completely covered in sharp spines.
You are immune to clouds of flame.


Message History

Makhleb accepts your kill.
You feel a little better.
You hear a shout!
The corpses begin to drag themselves along the ground!
You hear a shout! x3
Unknown command. 3 orcs come into view.
The bag of meat shouts!
You hear a shout!
You hear a shout!
You hear a shout!
You hear a shout! x3
The dread calls on the powers of darkness!
The large bag of meat convulses!
The bag of meat convulses!
Your body is wracked with pain!
The bag of meat convulses!
The large bag of meat convulses!
The meat berserker convulses!
The bag of meat convulses!
The meat berserker convulses!
The bag of meat is struck by your spines.
The bag of meat hits you with a +9 war axe!
The large bag of meat hits you with a +9 giant spiked club!
You hear a shout! x5
The large bag of meat hits you with a +9 giant spiked club!!!!
You die...

###############
#..%.o...%§...%.
..%%.C)§)§§...%..
....x##§##.#####.
.o...C§.§%.......
#..o@C##.##.....
.....zW.)%x......
....xo.)#.#......
........x.).L...##
..Wo..............
O.O....)))).....
.......)).......
.......)))........
#.......#..)......


You could see a sculptor of flesh, 2 large bags of meat, 2 dreads, 2 meat
berserkers and 4 bags of meat.

Vanquished Creatures
  6 vampire knights (D)
  13 ogres (D)
  A lich (D)
  35 orcs (D)
  2 hill giants (D)
  2 skeletal warriors (D)
  A small abomination (D)
  2 large abominations (D)
62 creatures vanquished.

Notes
Turn   | Place    | Note
--------------------------------------------------------------
     0 | D        | namelastname112, the Demonspawn Monk, began the quest for the Orb.
     0 | D        | Reached XP level 1. HP: 18/18 MP: 1/1
     4 | D        | Noticed a bag of meat
     4 | D        | Became a worshipper of Makhleb the Destroyer
     4 | D        | Acquired Makhleb's first power
     4 | D        | Acquired Makhleb's second power
     5 | D        | Noticed a meat berserker
     6 | D        | Killed a meat berserker
     6 | D        | Reached skill level 15 in Fighting
     6 | D        | Reached skill level 21 in Unarmed Combat
     6 | D        | Gained mutation: You are partially covered in rugged brown scales (AC +1, +3% HP). [demonic ancestry]
     6 | D        | Reached XP level 2. HP: 18/46 MP: 2/2
     6 | D        | Gained mutation: You are mostly covered in rugged brown scales (AC +2, +5% HP). [demonic ancestry]
     6 | D        | Reached XP level 3. HP: 18/53 MP: 3/3
     6 | D        | Gained mutation: You have a pair of small horns on your head. [demonic ancestry]
     6 | D        | Reached XP level 4. HP: 20/60 MP: 4/4
     6 | D        | Reached XP level 5. HP: 22/67 MP: 5/5
     6 | D        | Gained mutation: You are partially covered in sharp spines. [demonic ancestry]
     6 | D        | Reached XP level 6. HP: 24/74 MP: 6/6
     6 | D        | Gained mutation: You have a pair of horns on your head. [demonic ancestry]
     6 | D        | Reached XP level 7. HP: 25/80 MP: 7/7
     6 | D        | Reached XP level 8. HP: 27/88 MP: 8/8
     6 | D        | Reached XP level 9. HP: 29/95 MP: 9/9
     6 | D        | Gained mutation: You are completely covered in rugged brown scales (AC +3, +7% HP). [demonic ancestry]
     6 | D        | Reached XP level 10. HP: 29/104 MP: 10/10
     6 | D        | Gained mutation: You are mostly covered in sharp spines. [demonic ancestry]
     6 | D        | Reached XP level 11. HP: 30/111 MP: 11/11
     6 | D        | Reached XP level 12. HP: 31/118 MP: 12/12
     6 | D        | Gained mutation: You are slightly more attuned to the shadows. [demonic ancestry]
     6 | D        | Reached XP level 13. HP: 32/125 MP: 13/13
     8 | D        | Noticed a bag of meat
    11 | D        | Noticed a bag of meat
    13 | D        | Noticed a bag of meat
    13 | D        | Noticed a meat berserker
    13 | D        | Noticed a bag of meat
    13 | D        | Noticed a bag of meat
    13 | D        | Noticed a bag of meat
    13 | D        | Noticed a bag of meat
    13 | D        | Noticed a bag of meat
    14 | D        | Noticed a meat berserker
    14 | D        | Noticed a bag of meat
    14 | D        | Noticed a meat berserker
    14 | D        | Noticed a bag of meat
    14 | D        | Noticed a bag of meat
    15 | D        | Noticed a bag of meat
    15 | D        | Noticed a bag of meat
    15 | D        | Noticed a meat berserker
    15 | D        | Killed a bag of meat
    15 | D        | Reached skill level 15 in Dodging
    15 | D        | Reached skill level 23 in Unarmed Combat
    16 | D        | Noticed a bag of meat
    16 | D        | Noticed a meat berserker
    16 | D        | Noticed a bag of meat
    16 | D        | Noticed a bag of meat
    16 | D        | Killed a meat berserker
    16 | D        | Acquired Makhleb's third power
    16 | D        | Reached skill level 1 in Axes
    16 | D        | Reached skill level 25 in Unarmed Combat
    16 | D        | Reached XP level 14. HP: 136/142 MP: 14/14
    16 | D        | Killed a meat berserker
    16 | D        | Reached skill level 10 in Stealth
    16 | D        | Reached skill level 27 in Unarmed Combat
    16 | D        | Reached XP level 15. HP: 142/154 MP: 15/15
    16 | D        | Killed a meat berserker
    16 | D        | Acquired Makhleb's fourth power
    16 | D        | Reached XP level 16. HP: 162/170 MP: 16/16
    16 | D        | Killed a bag of meat
    16 | D        | Killed a meat berserker
    16 | D        | Reached skill level 27 in Fighting
    16 | D        | Reached XP level 17. HP: 180/186 MP: 17/17
    17 | D        | Killed a bag of meat
    17 | D        | Acquired Makhleb's fifth power
    17 | D        | Reached skill level 15 in Stealth
    17 | D        | Killed a bag of meat
    17 | D        | Reached skill level 27 in Dodging
    17 | D        | Killed a bag of meat
    17 | D        | Killed a bag of meat
    17 | D        | Gained mutation: You have a pair of large horns on your head. [demonic ancestry]
    17 | D        | Reached XP level 18. HP: 194/194 MP: 18/18
    18 | D        | Killed a bag of meat
    18 | D        | Killed a bag of meat
    18 | D        | Killed a bag of meat
    19 | D        | Killed a bag of meat
    19 | D        | Gained mutation: You are significantly more attuned to the shadows. [demonic ancestry]
    19 | D        | Reached XP level 19. HP: 202/202 MP: 19/19
    19 | D        | Killed a meat berserker
    19 | D        | Reached skill level 27 in Axes
    19 | D        | Reached skill level 27 in Stealth
    19 | D        | Killed a bag of meat
    19 | D        | Killed a bag of meat
    20 | D        | Noticed a meat berserker
    20 | D        | Killed a bag of meat
    20 | D        | Reached skill level 15 in Invocations
    21 | D        | Killed a bag of meat
    21 | D        | Gained mutation: Your flesh is heat resistant. [demonic ancestry]
    21 | D        | Reached XP level 20. HP: 210/210 MP: 19/37
    22 | D        | Noticed a destroyer
    22 | D        | Killed a bag of meat
    24 | D        | Killed a bag of meat
    24 | D        | Reached skill level 15 in Throwing
    24 | D        | Reached skill level 15 in Armour
    24 | D        | Reached skill level 15 in Spellcasting
    25 | D        | Killed a meat berserker
    26 | D        | Noticed a destroyer
    27 | D        | Noticed a meat berserker
    27 | D        | Killed a destroyer
    27 | D        | Gained mutation: You are completely covered in sharp spines. [demonic ancestry]
    27 | D        | Reached XP level 21. HP: 218/218 MP: 20/45
    30 | D        | Noticed a bag of meat
    30 | D        | Noticed a bag of meat
    30 | D        | Killed a bag of meat
    30 | D        | Reached skill level 27 in Invocations
    31 | D        | Noticed a meat berserker
    31 | D        | Noticed a bag of meat
    32 | D        | Noticed a bag of meat
    32 | D        | Noticed a bag of meat
    32 | D        | Noticed a bag of meat
    32 | D        | Noticed a bag of meat
    33 | D        | Killed a bag of meat
    33 | D        | Killed a meat berserker
    33 | D        | Killed a meat berserker
    33 | D        | Reached XP level 22. HP: 226/226 MP: 22/51
    34 | D        | Noticed a bag of meat
    34 | D        | Killed a bag of meat
    35 | D        | Noticed a destroyer
    35 | D        | Noticed a destroyer
    36 | D        | Killed a bag of meat
    36 | D        | Killed a bag of meat
    36 | D        | Reached skill level 27 in Throwing
    36 | D        | Reached skill level 27 in Armour
    36 | D        | Reached skill level 27 in Spellcasting
    37 | D        | Noticed a bag of meat
    37 | D        | Noticed a sculptor of flesh
    37 | D        | Killed a bag of meat
    37 | D        | Killed a bag of meat
    38 | D        | Killed a bag of meat
    38 | D        | Gained mutation: You are immune to clouds of flame. [demonic ancestry]
    38 | D        | Reached XP level 23. HP: 234/234 MP: 23/54
    39 | D        | Killed a destroyer
    39 | D        | Killed a destroyer
    39 | D        | Killed a destroyer
    39 | D        | Reached XP level 24. HP: 242/242 MP: 23/54
    41 | D        | Killed a bag of meat
    41 | D        | Killed a bag of meat
    42 | D        | Killed a sculptor of flesh
    43 | D        | Noticed a destroyer
    43 | D        | Noticed a bag of meat
    44 | D        | Noticed a destroyer
    46 | D        | Noticed a meat berserker
    47 | D        | Killed a destroyer
    47 | D        | Killed a bag of meat
    48 | D        | Noticed a large bag of meat
    49 | D        | Noticed a bag of meat
    49 | D        | Killed a meat berserker
    49 | D        | Reached XP level 25. HP: 250/250 MP: 26/54
    50 | D        | Killed a destroyer
    51 | D        | Noticed a large bag of meat
    54 | D        | Noticed a tyrant
    58 | D        | Killed a large bag of meat
    59 | D        | Killed a bag of meat
    60 | D        | Noticed a tyrant
    60 | D        | Noticed a meat beast
    61 | D        | Noticed a bag of meat
    61 | D        | Noticed a meat berserker
    62 | D        | Noticed a bag of meat
    62 | D        | Noticed a meat berserker
    62 | D        | Noticed a sculptor of flesh
    62 | D        | Noticed a bag of meat
    63 | D        | Noticed a large bag of meat
    64 | D        | Killed a meat berserker
    65 | D        | Killed a bag of meat
    66 | D        | Noticed a bag of meat
    66 | D        | Killed a tyrant
    66 | D        | Gained mutation: You are completely attuned to the shadows. [demonic ancestry]
    66 | D        | Reached XP level 26. HP: 258/258 MP: 31/54
    66 | D        | Killed a meat berserker
    69 | D        | Noticed a bag of meat
    69 | D        | Noticed a dread
    69 | D        | Noticed a bag of meat
    69 | D        | Noticed a bag of meat
    69 | D        | Noticed a meat berserker
    70 | D        | Noticed a large bag of meat
    70 | D        | Noticed a large bag of meat
    70 | D        | Noticed a sculptor of flesh
    70 | D        | Killed a sculptor of flesh
    70 | D        | Killed a bag of meat
    71 | D        | Noticed a bag of meat
    71 | D        | Killed a meat berserker
    71 | D        | Killed a bag of meat
    72 | D        | Killed a bag of meat
    72 | D        | Killed a large bag of meat
    72 | D        | Gained mutation: You can hurl blasts of hellfire. [demonic ancestry]
    72 | D        | Reached XP level 27. HP: 266/266 MP: 33/54
    73 | D        | Killed a bag of meat
    74 | D        | Noticed a bag of meat
    74 | D        | Killed a bag of meat
    75 | D        | Killed a bag of meat
    76 | D        | Noticed a bag of meat
    76 | D        | Noticed a bag of meat
    76 | D        | Noticed a bag of meat
    76 | D        | Mangled by a large bag of meat

Action                   |  1- 3 |  4- 6 |  7- 9 | 10-12 | 13-15 | 16-18 | 19-21 | 22-24 | 25-27 || total
-------------------------+-------+-------+-------+-------+-------+-------+-------+-------+-------++-------
Melee: Executioner's axe |     1 |       |       |       |     2 |     3 |     8 |     9 |    13 ||    36
